 Dungeon Crawl Stone Soup version 0.27-a0-1202-ge72e491 (webtiles) character file.

Game seed: 1803299502220035923

2156 Meow the Covert (level 9, -11/68 HPs)
             Began as a Naga Fire Elementalist on June 1, 2021.
             Was a Believer of Sif Muna.
             Mangled by an orc warrior
             ... wielding a +0 war axe
              (19 damage)
             ... on level 7 of the Dungeon.
             The game lasted 00:20:20 (5181 turns).

Meow the Covert (Naga Fire Elementalist)            Turns: 5181, Time: 00:20:21

Health: -11/68     AC:  4    Str: 11    XL:     9   Next: 31%
Magic:  1/17       EV:  9    Int: 19    God:    Sif Muna [**....]
Gold:   361        SH:  0    Dex: 11    Spells: 11/19 levels left

rFire    . . .     SeeInvis +   a - +0 mace
rCold    . . .     Faith    .   (no shield)
rNeg     . . .     Spirit   .   c - +0 robe
rPois    +         Reflect  .   (no helmet)
rElec    .         Harm     .   (no cloak)
rCorr    .         Rampage  .   (no gloves)
Will     +....                  (no barding)
Stlth    ++++......             n - amulet of regeneration
HPRegen  1.21/turn              (no ring)
MPRegen  0.15/turn              (no ring)

@: very slow
A: AC +3, large, see invisible, deformed body, poison resistance, slowness 2,
spit poison 1, naga tail 1
a: Spit Poison, Renounce Religion, Channel Magic


You were on level 7 of the Dungeon.
You worshipped Sif Muna.
Sif Muna was pleased with you.
You visited 2 branches of the dungeon, and saw 8 of its levels.

You collected 361 gold pieces.

Inventory:

Hand Weapons
 a - a +0 mace (weapon)
 C - a +0 quarterstaff
Missiles
 d - 229 stones
 l - 28 arrows
 w - 45 sling bullets
 A - 19 bolts
 D - a curare-tipped dart
Armour
 c - a +0 robe (worn)
Magical Staves
 j - a staff of earth
Jewellery
 g - a ring of positive energy
 n - an amulet of regeneration (around neck)
Wands
 o - a wand of flame (10)
 p - a wand of mindburst (7)
 s - a wand of iceblast (17)
Scrolls
 e - 2 scrolls of enchant armour {unknown}
 f - 2 scrolls of enchant weapon
 i - 2 scrolls of identify
 r - 3 scrolls of teleportation {unknown}
 t - a scroll of fog {unknown}
 x - a scroll of immolation {unknown}
 y - a scroll of fear {unknown}
 B - a scroll of silence {unknown}
 E - a scroll of torment {unknown}
Potions
 b - a potion of heal wounds {unknown}
 h - 2 potions of haste {unknown}
 k - a potion of resistance {unknown}
 m - 4 potions of cancellation {unknown}
 q - a potion of flight {unknown}
 u - a potion of berserk rage {unknown}
 v - a potion of might {unknown}
 z - a potion of attraction {unknown}
 F - a potion of curing


   Skills:
 - Level 1.5 Dodging
 + Level 9.8 Stealth
 + Level 5.7 Spellcasting
 + Level 6.0 Conjurations
 + Level 6.7 Fire Magic


You had 11 spell levels left.
You knew the following spells:

 Your Spells              Type           Power      Damage    Failure   Level
a - Foxfire               Conj/Fire      100%       2x1d9     1%          1
t - Sticky Flame          Conj/Fire      29%        2d5       9%          4
C - Conjure Flame         Conj/Fire      29%        6-21      2%          3

Your spell library contained the following spells:

 Spells                   Type           Power      Damage    Failure   Level
 Magic Dart               Conj           100%       1d8       1%          1
 Searing Ray              Conj           56%        3d5       1%          2
 Inner Flame              Hex/Fire       18%        N/A       9%          3
 Dazzling Flash           Conj/Hex       34%        N/A       10%         3
 Fireball                 Conj/Fire      14%        3d8       22%         5
 Fulminant Prism          Conj/Hex       8%         3d7       32%         4
 Iskenderun's Mystic Bla  Conj/Tloc      17%        2d5       32%         4


Dungeon Overview and Level Annotations

Branches:
Dungeon (7/15)             Temple (1/1) D:4

Altars:
Ashenzari
Cheibriados
Dithmenos
Elyvilon
Fedhas
Gozag
Hepliaklqana
Kikubaaqudgha
Makhleb
Nemelex Xobeh
Okawaru
Qazlal
Ru
Sif Muna
Trog
Uskayaw
Vehumet
Wu Jian
Xom
Yredelemnul
Zin

Shops:
D:4 (

Annotations:
D:5 1 runed translucent door, Crazy Yiuf


Innate Abilities, Weirdness & Mutations

Your serpentine skin is tough. (AC +3)
You have supernaturally acute eyesight. (SInv)
Armour fits poorly on your strangely shaped body.
Your system is resistant to poisons. (rPois)
You cover ground very slowly.
You can spit poison.
You have a snake-like lower body.


Message History

You conjure some foxfire!
An orc wizard comes into view. It is wielding a +0 dagger.
The foxfire hits the steam dragon but does no damage.
The orc warrior hits you with a +0 war axe.
The orc warrior hits your foxfire with a +0 war axe.
Casting: Foxfire (safe; 1% risk of failure)
Confirm with . or Enter, or press ? or * to list all spells.
You conjure some foxfire!
The foxfire hits the orc warrior.
The orc warrior is severely wounded.
The orc warrior hits you with a +0 war axe!
The orc warrior hits your foxfire with a +0 war axe!
Unknown command.
Unknown command.
Casting: Foxfire (safe; 1% risk of failure)
Confirm with . or Enter, or press ? or * to list all spells.
You conjure some foxfire!
The foxfire hits the orc warrior but does no damage.
The orc warrior is severely wounded.
The foxfire hits the orc warrior but does no damage.
The orc warrior is severely wounded.
The steam dragon breathes steam at you. The ball of steam hits you!
The orc warrior hits you with a +0 war axe!
* * * LOW HITPOINT WARNING * * *
The orc warrior hits your foxfire with a +0 war axe!
The orc warrior closely misses your foxfire.
Unknown command.
Casting: Foxfire (safe; 1% risk of failure)
Confirm with . or Enter, or press ? or * to list all spells.
You conjure some foxfire!
You are engulfed in a cloud of scalding steam.
* * * LOW HITPOINT WARNING * * *
You have got your breath back.
The foxfire hits the orc warrior but does no damage.
The orc warrior is severely wounded.
The foxfire hits the orc warrior but does no damage.
The orc warrior is severely wounded.
The steam dragon closely misses you. x2
The orc warrior hits you with a +0 war axe!!
You die...

.# ##..............
..##.....#.........
.##.......#.......# ...
.....>..##.......##...
............####......
#.................#.
#.o.....##........#.
#..o..####........#.
#§v@D..###..........
#.v##.###...........
....##...###..........
..>..............†).....
....................#...
......#............##...
...................##...
...................#..v.
...............


You could see a steam dragon (catching breath, ally target), an orc warrior
(poisoned, ally target) and an orc wizard.

Vanquished Creatures
  3 yaks
  2 ice beasts (D:5)
  A necrophage (D:7)
  2 ogres
  A centaur (D:7)
  A kobold brigand (D:7)
  A scorpion (D:7)
  2 water moccasin skeletons
  A howler monkey (D:7)
  4 centaur zombies
  A bullfrog zombie (D:4)
  A centaur skeleton (D:7)
  A gnoll shaman (D:7)
  A hound (D:6)
  A jelly (D:5)
  2 orc priests
  3 iguanas
  10 orc wizards
  A hound zombie (D:4)
  A howler monkey zombie (D:4)
  4 gnolls (D:7)
  7 adders
  An ufetubus (D:5)
  2 adder zombies (D:4)
  2 worms
  3 dart slugs
  12 orcs
  10 ball pythons
  7 endoplasms
  5 giant cockroaches
  4 goblins
  5 hobgoblins
  7 jackals
  4 quokkas
  11 bats
  3 frilled lizards
  14 kobolds
  A quokka skeleton (D:4)
  5 rats
147 creatures vanquished.

Vanquished Creatures (collateral kills)
  2 foxfires (D:4)
2 creatures vanquished.

Vanquished Creatures (others)
  379 foxfires
  2 withered plants (D:4)
381 creatures vanquished.

Grand Total: 530 creatures vanquished

Notes
Turn   | Place    | Note
-------+----------+-------------------------------------------
     0 | D:1      | Meow the Naga Fire Elementalist began the quest for the
                  | Orb.
     0 | D:1      | Reached XP level 1. HP: 15/15 MP: 3/3
   191 | D:1      | Reached XP level 2. HP: 22/22 MP: 3/5
   375 | D:1      | Found a faded altar of an unknown god.
   495 | D:1      | Reached XP level 3. HP: 28/28 MP: 3/6
   619 | D:1      | Learned a level 3 spell: Conjure Flame
   951 | D:2      | Reached skill level 4 in Stealth
  1169 | D:2      | Reached XP level 4. HP: 34/36 MP: 3/7
  1174 | D:2      | Learned a level 4 spell: Sticky Flame
  1300 | D:2      | Found a shimmering blue altar of Sif Muna.
  1387 | D:2      | Became a worshipper of Sif Muna the Loreminder
  1911 | D:3      | Noticed an ogre
  2164 | D:4      | Reached XP level 5. HP: 39/42 MP: 1/9
  2276 | D:4      | Reached skill level 5 in Stealth
  2356 | D:4      | Found a staircase to the Ecumenical Temple.
  2391 | D:3      | Reached * piety under Sif Muna
  2510 | D:3      | Killed an ogre
  2511 | D:3      | Reached XP level 6. HP: 49/49 MP: 3/10
  2623 | D:4      | Found Gibbuzi's Antique Weapon Shop.
  2792 | D:4      | Reached skill level 6 in Stealth
  2871 | D:4      | Reached XP level 7. HP: 55/55 MP: 0/12
  3246 | Temple   | Entered the Ecumenical Temple
  3585 | D:5      | Entered Level 5 of the Dungeon
  3776 | D:5      | Reached skill level 7 in Stealth
  3776 | D:5      | Reached skill level 5 in Fire Magic
  3879 | D:5      | Reached XP level 8. HP: 62/62 MP: 9/14
  4012 | D:5      | Reached ** piety under Sif Muna
  4329 | D:5      | Found a runed translucent door.
  4330 | D:5      | Noticed Crazy Yiuf
  4521 | D:6      | Reached skill level 8 in Stealth
  4725 | D:6      | Reached skill level 5 in Conjurations
  4745 | D:6      | Noticed a yak
  4750 | D:6      | Noticed a yak
  4752 | D:6      | Noticed a yak
  4754 | D:6      | Noticed a yak
  4755 | D:6      | Noticed a yak
  4759 | D:6      | Noticed a yak
  4771 | D:6      | Killed a yak
  4772 | D:6      | Reached skill level 5 in Spellcasting
  4793 | D:6      | Killed a yak
  4814 | D:7      | Killed a yak
  4815 | D:7      | Reached skill level 9 in Stealth
  4815 | D:7      | Reached XP level 9. HP: 41/68 MP: 1/17
  5181 | D:7      | Mangled by an orc warrior

Illustrated notes

Levels and vault maps discovered:
D:1:      minmay_arrival_loop, layout_basic, ebering_ecumenical_altar_mist
D:2:      layout_basic, basic_altar
D:3:      layout_rooms
D:4:      layout_loops_ring, temple_pool_b, serial_undead, serial_undead_b,
          serial_undead_b, serial_undead_c, serial_undead_b, serial_shops, shop,
          solitary_fountain, minmay_misc_feat_five
D:5:      layout_basic, uniq_crazy_yiuf_cottage
D:6:      layout_basic, serial_shops, kennysheep_mini_moat,
          corexii_hall_statues_i, uniq_pikel
D:7:      layout_cave_pools, hex_tiny, nrook_campfire
Temple:   minmay_crystal_snake_temple

Skill      XL: |  1  2  3  4  5  6  7  8  9 |
---------------+----------------------------+-----
Stealth        | 4 5 6 7 9 |  9.8
Conjurations   | 2 3 4 5 6 |  6.0
Spellcasting   | 3 4 5 |  5.7
Fire Magic     | 4 5 6 |  6.7
Dodging        | |  1.5

Action                   |  1- 3 |  4- 6 |  7- 9 || total
-------------------------+-------+-------+-------++-------
Melee: Mace              |     2 |    20 |    38 ||    60
 Cast: Foxfire           |    47 |    68 |   118 ||   233
       Sticky Flame      |       |     3 |    10 ||    13
 Abil: Spit Poison       |    24 |    31 |    30 ||    85
Evoke: Wand              |       |     6 |     3 ||     9
  Use: Scroll            |     2 |       |       ||     2
       Potion            |       |     2 |       ||     2
Armor: Robe              |     4 |    19 |    25 ||    48
Dodge: Dodged            |     7 |    23 |    55 ||    85

Table legend: (Time is in decaauts)
 A = Elapsed time spent in this place.
 B = Non-inter-level travel time spent in this place.
 C = Inter-level travel time spent in this place.
 D = Time resting spent in this place.
 E = Time spent auto-exploring this place.
 F = Levels seen in this place.
 G = Mean time per level.
                   A        B        C        D        E       F      G
               +--------+--------+--------+--------+--------+-----+--------+
         Total |   6717 |   6328 |    389 |    856 |   4287 |   8 |  839.6 |
       Dungeon |   6429 |   6091 |    338 |    856 |   4051 |   7 |  918.4 |
        Temple |    288 |    237 |     51 |      0 |    235 |   1 |  288.0 |
               +--------+--------+--------+--------+--------+-----+--------+

Top non-repeatable levels by time:
     D:4: 1367 daAuts
     D:5: 1205 daAuts
     D:1: 1106 daAuts
     D:2: 1040 daAuts
     D:3: 851 daAuts
     D:7: 433 daAuts
     D:6: 424 daAuts
  Temple: 288 daAuts
